Cogmind - Beta 17.1 @@@ ROGUE MODE // 2026.08.25 @ 08:06:18 Player: kway_side Result: Destroyed by IN-OQW(R) with Subdweller Machine Gun Performance ------------- Evolutions (0) 0 Regions Visited (2) 400 Robots Destroyed (21) 105 Value Destroyed (506) 506 Prototype IDs (0) 0 Alien Tech Used (0) 0 Bonus (0) 0 TOTAL SCORE: 1011 Bonus ------- None Cogmind --------- Core Integrity 0/250 Matter 280/300 Energy 250/250 System Corruption 2% Temperature Cool (0) Movement Core (600) Ox11 Location -10/Subcaves Parts ------- > --- POWER (1) -------- Ion Engine > --- PROPULSION (2) --- (None) > --- UTILITY (2) ------ Large Storage Unit Targeting Computer > --- WEAPON (2) ------- Assault Rifle Subdweller Shrapnel Launcher > --- INVENTORY (15) --- Medium Storage Unit Weight Redist. System Subdweller Optics Improved Terrain Scanner Seismic Detector ECM Suite Grenade Launcher Mining Laser Scrap Shield Fragment (41) Peak State ------------ > --- POWER ------------ Ion Engine > --- PROPULSION ------- Aluminum Leg Aluminum Leg > --- UTILITY ---------- Small Storage Unit Improved Terrain Scanner > --- WEAPON ----------- Small Laser Light Assault Rifle > --- INVENTORY -------- Ion Engine Light Treads Light Treads Aluminum Leg Wheel Compact Wheel Improved Heat Sink Mining Laser [Rating: 10] Favorites ----------- Power Ion Engine Engine Ion Engine Propulsion Light Treads Treads Light Treads Leg Aluminum Leg Utility Improved Terrain Scanner Device Improved Terrain Scanner Storage Large Storage Unit Processor Targeting Computer Weapon Assault Rifle Energy Gun Small Laser Ballistic Gun Assault Rifle Launcher Subdweller Shrapnel Launcher Special Weapon Mining Laser Build | -11 -10 -10 ------- Run | Yrd Mat Sub Slots Evolved . | . . . Power . | . . . Propulsion . | . . . Utility . | . . . Weapon . | . . . Parts Attached 18 | 1 13 4 Power 2 | . 1 1 Engine 2 | . 1 1 Core . | . . . Reactor . | . . . Propulsion 4 | . 4 . Treads 4 | . 4 . Leg . | . . . Wheel . | . . . Hover . | . . . Flight . | . . . Utility 4 | 1 2 1 Device 2 | 1 1 . Storage 1 | . 1 . Processor 1 | . . 1 Hackware . | . . . Protection . | . . . Artifact . | . . . Weapon 8 | . 6 2 Energy Gun . | . . . Energy Cannon . | . . . Ballistic Gun 5 | . 4 1 Ballistic Cannon . | . . . Launcher 2 | . 1 1 Special Weapon 1 | . 1 . Impact Weapon . | . . . Slashing Weapon . | . . . Piercing Weapon . | . . . Special Melee Weapon . | . . . Unidentified Prototypes . | . . . Parts Lost 9 | . 1 8 Power 1 | . . 1 Propulsion 4 | . . 4 Utility 1 | . 1 . Weapon 3 | . . 3 Highest Loss Streak 5 | . 1 5 To Critical Strikes . | . . . Average Backups 9 | 6 8 11 Power . | 1 1 . Propulsion 1 | 4 2 1 Utility 3 | . 1 5 Weapon 3 | 1 3 3 Tool/Special . | . . . Unused Backups 16 | . 11 5 Power 1 | . 1 . Propulsion 6 | . 6 . Utility 7 | . 2 5 Weapon 2 | . 2 . Tool/Special . | . . . Average Slot Usage (%) 98 | . 100 95 Engine 14 | . 14 14 Treads 22 | . 21 24 Leg 4 | . 6 . Device 9 | . 14 . Storage 14 | . 14 14 Processor 4 | . . 13 Ballistic Gun 26 | . 26 25 Peak Build Rating 10 | 8 10 10 Average Rating 8 | 6 9 8 On Entrance 8 | 6 8 10 Avg Prop Armor Cover (%) . | . . . Naked Turns . | . . . Heaviest Build 35 | 14 30 35 Greatest Support 40 | 20 40 40 Greatest Overweight (x) 11 | . . 11 Average Overweight (x) . | . . . Largest Inventory Capacity 15 | 8 15 15 Average Capacity 11 | 8 10 15 Most Carried 15 | 8 12 15 Average Carried 10 | 6 8 12 Final Capacity 15 | 8 15 15 Final Carried 12 | 8 12 9 Class Distribution -------------------- 100% | Mutant Dominant Class ---------------- Mutant | -10/Materials Mutant | -10/Subcaves Resources | -11 -10 -10 ----------- Run | Yrd Mat Sub Matter Collected 774 | 220 292 262 Remotely . | . . . Salvage Created 531 | 14 367 150 Parts 60 | 4 36 20 Haulers Intercepted 1 | . 1 . Recyclers Shooed . | . . . Parts Field Recycled . | . . . Retrieved Matter . | . . . Parts Self-Destructed 5 | . . 5 Prevented . | . . . Parts Restored . | . . . Kills | -11 -10 -10 ------- Run | Yrd Mat Sub Combat Hostiles Destroyed 19 | . 14 5 Guns 14 | . 11 3 AOE 5 | . 3 2 Classes Destroyed 5 | 1 3 1 Tunneler 1 | 1 . . Hauler 1 | . 1 . Swarmer 8 | . 8 . Grunt 6 | . 6 . Subdweller 5 | . . 5 Best Kill Streak 3 | 1 3 2 Combat Bots Only 3 | . 3 2 Max Kills in Single Turn 1 | 1 1 1 Gunslinging . | . . . Exploded 1 | . 1 1 Melee . | . . . Uniques/NPCs Destroyed . | . . . Combat | -11 -10 -10 -------- Run | Yrd Mat Sub Hostile Shots Fired 118 | . 61 57 Missed 28 | . 17 11 Hits 90 | . 44 46 Projectile 90 | . 44 46 Critical Strikes 2 | . . 2 Damage Taken 1481 | . 400 1081 Core 256 | . 81 175 Absorbed by Shields . | . . . Core Remaining (%) 100 | 100 . . Volleys Fired 70 | 4 38 28 Largest 2 | 2 2 2 Hottest 100 | 60 60 100 Shots Fired 122 | 8 73 41 Gun 113 | 8 70 35 Cannon . | . . . Launcher 6 | . 3 3 Special 3 | . . 3 Kinetic 105 | 4 63 38 Thermal 14 | 4 7 3 Explosive 3 | . 3 . Electromagnetic . | . . . Robot Hit Streak 16 | 2 6 16 Robot Miss Streak 3 | 2 3 2 Penetration Max . | . . . Secondary Targets 2 | . 1 1 Max Gunslinging Chain 1 | . 1 1 Shots Hit Robots 72 | 3 41 28 Core Hits 36 | 1 24 11 Critical Kills . | . . . Critical Parts Destroyed . | . . . Critical Strikes . | . . . Melee Attacks . | . . . Impact . | . . . Slashing . | . . . Piercing . | . . . Sneak Attacks . | . . . Combat Hostiles . | . . . Follow-up Attacks . | . . . Damage Inflicted 1321 | 34 749 538 Guns 905 | 34 478 393 Cannons . | . . . Explosions 414 | . 269 145 Melee . | . . . Ramming 2 | . 2 . Kinetic 975 | 12 425 538 Thermal 75 | 22 53 . Explosive 269 | . 269 . Electromagnetic . | . . . Impact . | . . . Slashing . | . . . Piercing . | . . . Highest Corruption 2 | . 2 2 Average Corruption 2 | . 2 2 Corruption Purged . | . . . Corruption Blocked . | . . . Effects 11 | . 4 7 Message Errors 4 | . 2 2 Matter Fused 2 | . 1 1 Heat Flow Errors 3 | . 1 2 Energy Discharges 1 | . . 1 Parts Rejected 1 | . . 1 Overload Shots . | . . . Overflow Damage 6 | . . 6 Projectiles . | . . . Explosions 6 | . . 6 Melee . | . . . Knockbacks . | . . . Impact . | . . . Kinetic . | . . . Secondary . | . . . Self-Inflicted Damage 66 | . . 66 Shots 2 | . . 2 Rammed 2 | . 2 . Targets Rammed 2 | . 2 . Kicked . | . . . Crushed . | . . . Highest Temperature 242 | . 181 242 Average Temperature 65 | . 50 107 Received Heat Transfer 252 | . 90 162 Siege Activations . | . . . Martial Activations . | . . . Shielding Activations . | . . . Robots Disrupted . | . . . Combat Hostiles . | . . . Robots Corrupted . | . . . Combat Hostiles . | . . . Parts Fried . | . . . Impact Corruptions . | . . . Robots Melted . | . . . Combat Hostiles . | . . . Parts Melted . | . . . Heat Transferred 175 | 50 125 . Parts Sabotaged . | . . . Parts Stolen . | . . . Parts Stripped . | . . . Power Chain Reactions . | . . . Alert | -11 -10 -10 ------- Run | Yrd Mat Sub Maximum Alert Level . | . . . Low Security (%) 100 | 100 100 . Level 1 . | . . . Level 2 . | . . . Level 3 . | . . . Level 4 . | . . . Level 5 . | . . . High Security . | . . . Max Security . | . . . Peak Influence 198 | 5 198 . Initial . | . . . Average 74 | 1 76 . Influence Increases 388 | 5 383 . Destroy 0b10 Robot/C 280 | . 280 . Destroy 0b10 Robot/NC 10 | 5 5 . Destroy Leader 62 | . 62 . Successful Hack 4 | . 4 . Destroy Structure 2 | . 2 . Lose Combat Pursuer 30 | . 30 . Influence Decreases 388 | 5 310 73 Entered New Map 36 | . . 36 Time Decay 352 | 5 310 37 Squads Dispatched 2 | . 2 . Investigation 1 | . 1 . Extermination . | . . . Reinforcement 1 | . 1 . Assault . | . . . Garrison . | . . . Intercept . | . . . Searches Triggered . | . . . Construction Impeded . | . . . Haulers Reinforced . | . . . Active Scanning Responses . | . . . Cargo Convoy Interrupts . | . . . Stealth | -11 -10 -10 --------- Run | Yrd Mat Sub Distress Signals 2 | . 2 . Communications Jammed . | . . . Distress Signals . | . . . Times Spotted 35 | . 27 8 Peak Tracking Total 5 | . 5 2 Tactical Retreats 2 | . 2 . Traps | -11 -10 -10 ------- Run | Yrd Mat Sub Traps Triggered 2 | . 2 . Indirectly . | . . . Trap Hack Attempts . | . . . Triggered . | . . . Disarmed . | . . . Reprogrammed . | . . . Reused . | . . . Traps Extracted . | . . . Installed . | . . . Triggered . | . . . Machines | -11 -10 -10 ---------- Run | Yrd Mat Sub Machines Disabled . | . . . Max in Single Turn . | . . . Machines Repaired . | . . . Machines Dismantled . | . . . Machines Sabotaged . | . . . Overloaded Fab Kills . | . . . Hacking | -11 -10 -10 --------- Run | Yrd Mat Sub Machines Accessed 2 | . 2 . Terminals 2 | . 2 . Fabricators . | . . . Repair Stations . | . . . Recycling Units . | . . . Scanalyzers . | . . . Garrison Access . | . . . Total Hacks 6 | . 6 . Successful 2 | . 2 . Failed 4 | . 4 . Catastrophic 1 | . 1 . Database Lockouts . | . . . Manual 5 | . 5 . Terminals 6 | . 6 . Fabricators . | . . . Repair Stations . | . . . Recycling Units . | . . . Scanalyzers . | . . . Garrison Access . | . . . Terminal Hacks 1 | . 1 . Alert Level 1 | . 1 . Fabricator Hacks . | . . . Repair Station Hacks . | . . . Recycling Unit Hacks . | . . . Scanalyzer . | . . . Garrison Access Hacks . | . . . Unauthorized Hacks 1 | . 1 . Terminals 1 | . 1 . Skim 1 | . 1 . Fabricators . | . . . Repair Stations . | . . . Recycling Units . | . . . Scanalyzers . | . . . Garrison Access . | . . . Data Cores Recovered . | . . . Used . | . . . Hacking Detections 2 | . 2 . Full Trace Events . | . . . Feedback Events . | . . . Feedback Blocked . | . . . Robot Schematics Acquired . | . . . Robots Built . | . . . Authchips . | . . . Time . | . . . Total Robot Build Rating . | . . . Part Schematics Acquired . | . . . Parts Built . | . . . Authchips . | . . . Time . | . . . Total Part Build Rating . | . . . Part Studies Acquired . | . . . Parts Repaired . | . . . Time . | . . . Parts Recycled . | . . . Recycled Matter . | . . . Retrieved Matter . | . . . Retrieved Components . | . . . Parts Scanalyzed . | . . . Part Schematics Acquired . | . . . Parts Damaged . | . . . Bothacking | -11 -10 -10 ------------ Run | Yrd Mat Sub Used RIF Installer . | . . . Robots Hacked . | . . . Non-combat . | . . . Combat . | . . . Robot Hacks Applied . | . . . Relay Couplers Released . | . . . Fabnet Peak Effective % . | . . . Robots Rewired . | . . . Allies Hacked . | . . . Hacks Repelled . | . . . Allies | -11 -10 -10 -------- Run | Yrd Mat Sub Total Allies . | . . . Largest Group . | . . . Highest-Rated Group . | . . . Highest-Rated Ally . | . . . Total Orders . | . . . Ally Attacks . | . . . Total Damage . | . . . Kills . | . . . Allies Corrupted . | . . . Allies Melted . | . . . Intel | -11 -10 -10 ------- Run | Yrd Mat Sub Active Infowar (turns) 1010 | 12 976 22 Terrain 968 | . 946 22 Seismic 42 | 12 30 . Robot Analysis Total . | . . . Derelict Logs Recovered 2 | . . 2 Drone Launches . | . . . Drone Recoveries . | . . . Exploration | -11 -10 -10 ------------- Run | Yrd Mat Sub Turns Passed 1566 | 30 980 556 Spaces Moved 762 | 13 488 261 Core 5 | . . 5 Treads 593 | . 337 256 Legs 164 | 13 151 . Wheels . | . . . Hover . | . . . Flight . | . . . Fastest Speed 120 | 120 120 160 Average Speed 157 | 120 147 176 Slowest Speed 600 | 120 160 600 Overloaded Moves . | . . . Propulsion Burnouts . | . . . Robots Hopped . | . . . Potential Cave-ins . | . . . Cave-ins Triggered . | . . . Exploration Rate (%) 31 | 3 69 21 Regions Visited 2 Branch Regions 1 Pre-discovered Areas . | . . . Known Exits Taken . | . . . Unknown Exits Taken 2 | 1 1 . Scrap Searched . | . . . Spaces Dug . | . . . Terrain Destroyed 42 | . 1 41 Melee . | . . . Projectile . | . . . AOE 42 | . 1 41 Terrain Rammed . | . . . Walls Destroyed . | . . . Machines Disabled . | . . . Actions | -11 -10 -10 --------- Run | Yrd Mat Sub Total 1003 | 19 676 308 Wait 118 | . 114 4 Move 760 | 12 487 261 Hop . | . . . Pick Up 17 | 2 11 4 Fast Attach 2 | 1 1 . Attach 9 | . 2 7 Detach . | . . . Swap 14 | . 10 4 Drop 11 | . 11 . Fire 70 | 4 38 28 Melee . | . . . Ram . | . . . Kick . | . . . Crush 2 | . 2 . Escape Stasis . | . . . Rewire . | . . . Trap . | . . . Miscellaneous . | . . . Route ------- -11/Scrapyard -10/Materials (discovered 3 exits: [*Mat] / [*Min] / [*Sub]) -10/Subcaves (discovered 1 exit: [*Mat]) History --------- Turn | Location | Event 1 | -11/Scrapyard | Discovered new exit (range 3) 31 | -11/Scrapyard | Entered Materials 291 | -10/Materials | Discovered new exit (range 15) 313 | -10/Materials | Build established: Mutant 873 | -10/Materials | Discovered new exit (range 10) 985 | -10/Materials | Discovered new exit (range 7) 1011 | -10/Materials | Entered Subcaves 1074 | -10/Subcaves | Discovered new exit (range 8) 1168 | -10/Subcaves | Learned Materials emergency access door positions 1333 | -10/Subcaves | Core integrity fell below 50% 1371 | -10/Subcaves | Lost 5 parts (1p2n2w) 1475 | -10/Subcaves | Learned 2 Materials zone layouts 1533 | -10/Subcaves | Core integrity fell below 20% 1567 | -10/Subcaves | Lost 3 parts (2n1w) 1567 | -10/Subcaves | Destroyed by IN-OQW(R) with Subdweller Machine Gun Last Messages --------------- 01475_ Acquired derelict log, extracted data. Data stored: Materials zone layouts (x2). 01477_ 9X-S0C(u) tweaks Twisted Machinery. 01500_ 9X-S0C(u) builds Twisted Machinery. 01513_ Subatomizers dissect the Sub. Monowheel. 01524_ Lgt. Treads destroyed. 01527_ Subatomizers dissect the Sub. Monowheel. 01528_ Assault Rifle destroyed. 01531_ 9X-S0C(u) tweaks Twisted Machinery. [Achievement: Do Not Disturb] 01532_ VA-7N4(R) destroyed. 01533_ AZ-KEF(R): "ARGHSUB!" 01534_ 9X-S0C(u) tweaks Twisted Machinery. 01536_ YL-1K5(R) destroyed. 01536_ Lgt. Treads destroyed. 01536_ Destroyed Lgt. Treads. 01544_ Acquired 38 matter. 01548_ 9X-S0C(u) tweaks Twisted Machinery. 01550_ Acquired 108 matter. 01551_ 9X-S0C(u) tweaks Twisted Machinery. Map ----- +----------------------------------------------------+ | ?????? ??????????????????????????????????#### | | ?????? ??????????????????????????????????# | | ??????????????????????????????????????????## | | ??????????????????????????????????????????# | | ??????????????????????????????????????????# ## | | ??????????????????????????????????????????# ## | | ?????????????????????????????????????????????# | | ????????????????????????????????????????????## | | ????????????????????????????????????????##### # | | ????????????????????????????????????????# ## | | ??????????????????????? ????????????????# ## | | ???????????????????? ??????? ????????## ## # | | ???????????????????? ??????? #????????# ### # | | ????????????????????? R??????? #????????# ##### | | ????????????????????? ?????? ????????# ##?? | | ????????????????????## ????? ????????## ### | | ????????????????????# ????? #?????#???#### " | | ????????????????????# ????? #??? #??????## | | ????????????????????# ????? ##?# #?##????## | | ?????????????????????# ????? #?# """" ????### | | ?????????????????????# ###?? #?# ""??????? | | ?????????????????????# ##? ##?# * "???#### | | ??????????????????????# ##;;"# %! ""?## | | ??????????????????????# ; ! "## | | ??????????????????????# ! # | | ??????????????????????## @ #" ] | | ???????????????????????# # %& # ## | | ???????????????????????# # ## ##?# | | ???????????????????????# ## ; #### #### | | ??????????????????????? ?## "#; # # ## | | ??????????????????????## ?? "##"" | | ??????????????????????? ?## ""#""" | | ??????????????????????? """""" # # # # | | ?????????????????????? "" ""########## ### | | ?????????????????????? ?##########????????###?### | | ??????????????????????##?????????????????????????? | | ?????????????????????????????????????????????????? | | ?????????????????????????????????????????????????? | | ?????????????????????????????????????????????????? | | ?????????????????????????????????????????????????? | | ?????????????????????????????????????????????????? | | ?????????????????????????????????????????????????? | | ?????????????????????????????????????????????????? | | ?????????????????????????????????????????????????? | | ?????????????????????????????????????????????????? | | ?????????????????????????????????????????????????? | | ?????????????????????????????????????????????????? | | ?????????????????????????????????????????????????? | | ?????????????????????????????????????????????????? | | ?????????????????????????????????????????????????? | +----------------------------------------------------+ Best States ------------- Heat Dissipation 25 Energy Generation 10 Energy Capacity 250 Matter Stores 300 Matter Capacity 300 Sight Range 16 Terrain Scan Range 16 Terrain Scan Density 10 Evasion (%) 55 Targeting Accuracy 5 Recoil Reduction 2 Item Schematics ----------------- None Robot Schematics ------------------ None Fabricated ------------ Nothing Repaired ---------- Nothing Studied --------- None Alien Tech Used ----------------- None Achievements -------------- Do Not Disturb Challenges ------------ None Game ------ Seed DroneImprovedPulseblaster Manual? 0 Play Time 00:13:30 Cumulative 151.1 hours Start 2026.08.25 @ 07:47:13 End 2026.08.25 @ 08:06:18 Sessions 1 Manual Loads 0 Difficulty Rogue Special Mode None Game No. 143 Rogue 143 Adventurer 0 Explorer 0 Win Type - Total 0 Types 0/0/0/0/0/0/0/0/0/0 Lore% 28 Gallery% 35 Achievement% 25 Wizard Run 0 Options --------- Layout 0 ASCII 0 Keyboard 0 Movement Numpad Keybinds 0 Fullscreen 1 Font 18/SmallcapsGlow Map View 76x50 Zoom Use 0% Tactical HUD 1 Map Filters NONE Filters NONE Steam 1 RUN: 8a84c082-789b-4107-9706-e7d6a268c491